 Dungeon Crawl Stone Soup version 0.29.0-4-gdea44cf6ec (webtiles) character file.

Game seed: 15523592705655400612

2335 qw the Cleaver (level 9, 0/50 (52) HPs)
             Began as a Tengu Warper on Aug 28, 2022.
             Was a Follower of Okawaru.
             Slain by a wight
             ... wielding a +4 halberd of freezing
              (7 damage)
             ... on level 6 of the Dungeon.
             The game lasted 00:00:47 (7388 turns).

qw the Cleaver (Tengu Warper)                       Turns: 7388, Time: 00:00:47

HP:   0/50 (52)     AC: 17    Str: 21    XL:     9   Next: 42%
MP:   13/13         EV: 12    Int: 14    God:    Okawaru [*.....]
Gold: 217           SH: 12    Dex: 14    Spells: 12/12 levels left

rFire   . . .      SeeInvis .   i - +2 war axe (drain)
rCold   . . .      Faith    .   o - +0 kite shield
rNeg    . . .      Spirit   .   n - +3 chain mail {Will+}
rPois   .          Reflect  .   (helmet restricted)
rElec   .          Harm     .   (no cloak)
rCorr   .          Rampage  .   (no gloves)
Will    +....                   (boots unavailable)
Stlth   ..........              (no amulet)
HPRegen 0.16/turn               g - +4 ring of protection
MPRegen 0.13/turn               p - +6 ring of strength

@: heroic, flying quickly and evasively, lightly drained, quick
A: beak, talons 3, nimble flight
a: Renounce Religion, Heroism


You were on level 6 of the Dungeon.
You worshipped Okawaru.
Okawaru was aware of your devotion.
You visited 2 branches of the dungeon, and saw 7 of its levels.

You collected 508 gold pieces.
You spent 291 gold pieces at shops.


Innate Abilities, Weirdness & Mutations

You have a beak for a mouth.
You have claws for feet.
Your magical nature lets you fly swiftly and evasively.


   Skills:
 - Level 4.2(9.2) Fighting
 + Level 9.3(14.3) Axes
 - Level 1.0(6.0) Throwing
 - Level 3.1(8.1) Armour
 - Level 3.2(8.2) Dodging
 - Level 6.6(11.6) Shields
 - Level 2.0 Spellcasting
 - Level 2.4 Translocations
 + Level 2.5 Invocations


You had 12 spell levels left.
You didn't know any spells.
Your spell library contained the following spells:

 Spells                   Type           Power      Damage    Failure   Level
 Blink                    Tloc           16%        N/A       90%         2
 Gell's Gravitas          Tloc           8%         N/A       99%         3
 Lesser Beckoning         Tloc           8%         N/A       99%         3
 Teleport Other           Tloc           8%         N/A       99%         3
 Manifold Assault         Tloc           8%         N/A       100%        5

Inventory:

Hand Weapons
 d - the +7 mace of Ymycimap {drain, Contam rC+ Str-5 Dex+9}
   (You found it on level 3 of the Dungeon)

   A truly terrible weapon, it drains the life of any living foe it strikes.
   Str:       It affects your strength (-5).
   Dex:       It affects your dexterity (+9).
   rC:        It protects you from cold.
   Contam:    It causes magical contamination when unequipped.
 i - a +2 war axe of draining (weapon)
Armour
 f - a +0 plate armour
 n - a +3 chain mail of willpower (worn)
 o - a +0 kite shield (worn)
Jewellery
 c - a ring of positive energy
 g - a +4 ring of protection (left hand)
 p - a +6 ring of strength (right hand)
Scrolls
 j - a scroll of identify
Potions
 a - a potion of attraction {unknown}
 b - a potion of magic {unknown}
 e - a potion of mutation {unknown}
 h - a potion of cancellation {unknown}
 k - a potion of haste {unknown}
 l - 2 potions of curing
 m - 3 potions of heal wounds

Dungeon Overview and Level Annotations

Branches:
Dungeon (6/15)             Temple (1/1) D:5

Altars:
Ashenzari
Dithmenos
Elyvilon
Fedhas
Gozag
Kikubaaqudgha
Makhleb
Nemelex Xobeh
Okawaru
Sif Muna
Trog
Wu Jian
Yredelemnul
Zin
The Shining One

Shops:
D:4 [

Annotations:
D:4 1 runed translucent door, Crazy Yiuf


Message History

A wight comes into view. It is wielding a +0 mace.
7378 ||| Stepping ~*~*~tactically~*~*~ (stealth).
You hit Edmund but do no damage. Your kick misses Edmund.
Your peck misses Edmund.
Edmund is lightly wounded.
Edmund hits you with a +4 vorpal flail!
You closely miss Edmund. Your peck misses Edmund.
Edmund is lightly wounded.
Edmund hits you with a +4 vorpal flail. You block the wight's attack.
You hit Edmund. You claw Edmund.
Edmund is moderately wounded.
Edmund says, "I might not be good at magic, but I can still kill you!"
You block Edmund's attack. You block the wight's attack.
You slice Edmund!! You claw Edmund! Your peck misses Edmund.
Edmund is almost dead.
You block Edmund's attack. The wight closely misses you.
You slice Edmund!!
You kill Edmund!
Okawaru accepts your kill.
Things that are here:
a +4 vorpal flail; a +0 scale mail; the human corpse of Edmund You slash the wight!
Your kick misses the wight.
The wight is heavily damaged.
You barely miss the wight. The wight misses you.
You slash the wight! Your kick misses the wight.
The wight is almost destroyed.
You hit the wight. The wight barely misses you. You block the wight's attack.
You slash the wight!
You destroy the wight!
Okawaru accepts your kill.
You hit the wight. The wight closely misses you.
You closely miss the wight. Your kick misses the wight.
The wight is moderately damaged.
You barely miss the wight.
The wight hits you with a +4 halberd of freezing!
You feel drained.
You die...

#....... ##### #.#####.
#...#####.#####.
#............##.
#..........#.##. ####
#..........#.##.
.....####..........#.##.
.....zzz#.............##
#@#..........#####
#.#.#...>...(...##
#......#..########
########...##..# ##
.........####..## ####
########.# #...####..#
#.# #.|..'.#... #.#
#..###.#'#. #.#
#..#.....#.


You could see 3 wights.

Vanquished Creatures
  Maggie (D:6)
  Sigmund (D:6)
  3 yaks
  Edmund (D:6)
  3 ogres
  A centaur (D:6)
  A phantom (D:5)
  A necrophage (D:4)
  Blork the orc (D:6)
  2 scorpions (D:5)
  A wight (D:6)
  A howler monkey (D:6)
  3 orc priests
  A jelly (D:6)
  A hound (D:5)
  4 iguanas
  4 orc wizards
  4 gnolls (D:3)
  9 adders
  A white imp (D:5)
  2 ufetubi
  3 worms
  2 dart slugs
  15 orcs
  5 ball pythons
  5 endoplasms
  3 giant cockroaches
  13 goblins
  9 hobgoblins
  3 jackals (D:5)
  9 kobolds
  5 quokkas
  7 bats
  4 frilled lizards
  3 rats
  A spectral kobold (D:1)
133 creatures vanquished.

Notes
Turn   | Place    | Note
-------+----------+-------------------------------------------
     0 | D:1      | qw the Tengu Warper began the quest for the Orb.
     0 | D:1      | Reached XP level 1. HP: 12/12 MP: 4/4
     0 | D:1      | 0 ||| qw: Version: 0.1-a-89-g26bdef1
     0 | D:1      | 0 ||| qw: Game counter: 2389
     0 | D:1      | 0 ||| qw: Always use a shield: true
     0 | D:1      | 0 ||| qw: God list: Okawaru
     0 | D:1      | 0 ||| qw: Allow faded altars: false
     0 | D:1      | 0 ||| qw: Do Orc after D:15 true
     0 | D:1      | 0 ||| qw: Do second Lair branch before Depths: true
     0 | D:1      | 0 ||| qw: Lair rune preference: random
     0 | D:1      | 0 ||| qw: Plans: Normal
     0 | D:1      | 0 ||| PLANNING D:1-11
    22 | D:1      | Found a faded altar of an unknown god.
   238 | D:1      | Reached XP level 2. HP: 17/17 MP: 6/6
   249 | D:1      | Reached skill level 3 in Axes
   250 | D:1      | 250 ||| Stepping ~*~*~tactically~*~*~ (stealth).
   301 | D:1      | 301 ||| Stepping ~*~*~tactically~*~*~ (stealth).
   326 | D:1      | 326 ||| Stepping ~*~*~tactically~*~*~ (stealth).
   668 | D:1      | Reached XP level 3. HP: 21/21 MP: 7/7
   753 | D:1      | 753 ||| UPGRADING to +0 plate armour.
   763 | D:1      | 763 ||| DROPPING +0 leather armour.
   764 | D:1      | 764 ||| UPGRADING to +4 ring of protection.
   765 | D:1      | 765 ||| READING 2 scrolls labelled ECALLAPLAT.
   770 | D:1      | 770 ||| DROPPING scroll of blinking.
   779 | D:2      | 779 ||| STAIRDANCE
   785 | D:2      | 785 ||| STAIRDANCE
   852 | D:2      | 852 ||| DROPPING +0 club.
   944 | D:2      | Reached skill level 4 in Axes
   992 | D:2      | Found a shimmering blue altar of Sif Muna.
  1025 | D:2      | 1025 ||| Stepping ~*~*~tactically~*~*~ (hiding).
  1040 | D:2      | Reached XP level 4. HP: 24/26 MP: 8/8
  1041 | D:2      | 1041 ||| Stepping ~*~*~tactically~*~*~ (hiding).
  1049 | D:2      | 1049 ||| FLEEEEING.
  1050 | D:2      | 1050 ||| FLEEEEING.
  1055 | D:2      | 1055 ||| FLEEEEING.
  1056 | D:2      | 1056 ||| FLEEEEING.
  1057 | D:2      | 1057 ||| FLEEEEING.
  1058 | D:2      | 1058 ||| FLEEEEING.
  1059 | D:2      | 1059 ||| FLEEEEING.
  1060 | D:2      | 1060 ||| FLEEEEING.
  1061 | D:2      | 1061 ||| FLEEEEING.
  1062 | D:2      | 1062 ||| FLEEEEING.
  1068 | D:2      | 1068 ||| FLEEEEING.
  1069 | D:2      | 1069 ||| FLEEEEING.
  1070 | D:2      | 1070 ||| FLEEEEING.
  1155 | D:2      | 1155 ||| Stepping ~*~*~tactically~*~*~ (stealth).
  1198 | D:2      | 1198 ||| Stepping ~*~*~tactically~*~*~ (stealth).
  1200 | D:2      | 1200 ||| Stepping ~*~*~tactically~*~*~ (stealth).
  1201 | D:2      | 1201 ||| Stepping ~*~*~tactically~*~*~ (stealth).
  1222 | D:2      | Reached skill level 5 in Axes
  1222 | D:2      | Gained mutation: Your magical nature lets you fly swiftly
                  | and evasively. [Tengu growth]
  1222 | D:2      | Reached XP level 5. HP: 30/30 MP: 9/9
  1415 | D:2      | Identified the +8 hand axe "Hepny" {venom, rC- rN+ Dex+4}
  1417 | D:2      | 1417 ||| SWAPPING to +8 hand axe "Hepny" {venom, rC- rN+
                  | Dex+4}.
  1418 | D:2      | 1418 ||| DROPPING +0 hand axe.
  1706 | D:2      | 1706 ||| READING scroll labelled KUMISY XEGHE.
  1707 | D:2      | 1707 ||| READING scroll labelled SOUTSO ZYTOMY.
  1708 | D:2      | 1708 ||| READING scroll labelled ELINALU EDOEMP.
  1709 | D:2      | 1709 ||| READING scroll labelled LIT BADABYEX.
  1710 | D:2      | 1710 ||| DRINKING 2 orange potions.
  1841 | D:3      | Identified the +7 mace of Ymycimap {drain, Contam rC+ Str-5
                  | Dex+9}
  1843 | D:3      | 1843 ||| DROPPING +0 mace.
  2312 | D:3      | Reached skill level 6 in Axes
  2317 | D:3      | Reached XP level 6. HP: 15/35 MP: 10/10
  2647 | D:3      | 2647 ||| READING 2 scrolls labelled VOSAD RAOWN.
  2648 | D:3      | 2648 ||| READING scroll labelled TIOWORR IS BEO.
  2649 | D:3      | 2649 ||| READING 2 scrolls of teleportation.
  2729 | D:4      | Found an ornate altar of the Wu Jian Council.
  2931 | D:4      | 2931 ||| Stepping ~*~*~tactically~*~*~ (stealth).
  2940 | D:4      | 2940 ||| Stepping ~*~*~tactically~*~*~ (stealth).
  2946 | D:4      | 2946 ||| FLEEEEING.
  3035 | D:4      | Found Goyn's Armour Boutique.
  3038 | D:4      | 3038 ||| BUYING +3 chain mail of willpower (291 gold).
  3038 | D:4      | Bought a +3 chain mail of willpower for 291 gold pieces
  3047 | D:4      | Reached skill level 7 in Axes
  3078 | D:4      | Found a runed translucent door.
  3079 | D:4      | Noticed Crazy Yiuf
  3220 | D:4      | 3220 ||| Stepping ~*~*~tactically~*~*~ (stealth).
  3222 | D:4      | 3222 ||| Stepping ~*~*~tactically~*~*~ (stealth).
  3224 | D:4      | 3224 ||| Stepping ~*~*~tactically~*~*~ (hiding).
  3230 | D:4      | Reached skill level 3 in Armour
  3232 | D:4      | 3232 ||| Stepping ~*~*~tactically~*~*~ (stealth).
  3330 | D:4      | 3330 ||| Stepping ~*~*~tactically~*~*~ (stealth).
  3333 | D:4      | 3333 ||| Stepping ~*~*~tactically~*~*~ (stealth).
  3336 | D:4      | 3336 ||| FLEEEEING.
  3337 | D:4      | 3337 ||| FLEEEEING.
  3340 | D:4      | 3340 ||| FLEEEEING.
  3341 | D:4      | 3341 ||| FLEEEEING.
  3342 | D:4      | 3342 ||| FLEEEEING.
  3346 | D:4      | 3346 ||| Stepping ~*~*~tactically~*~*~ (stealth).
  3347 | D:4      | 3347 ||| Stepping ~*~*~tactically~*~*~ (hiding).
  3349 | D:4      | 3349 ||| FLEEEEING.
  3350 | D:4      | 3350 ||| FLEEEEING.
  3351 | D:4      | 3351 ||| FLEEEEING.
  3352 | D:4      | 3352 ||| FLEEEEING.
  3353 | D:4      | 3353 ||| FLEEEEING.
  3354 | D:4      | 3354 ||| FLEEEEING.
  3355 | D:4      | 3355 ||| FLEEEEING.
  3356 | D:4      | 3356 ||| FLEEEEING.
  3357 | D:4      | 3357 ||| FLEEEEING.
  3364 | D:4      | 3364 ||| STAIRDANCE
  3550 | D:3      | 3550 ||| UPGRADING to +3 chain mail of willpower.
  3560 | D:3      | 3560 ||| UPGRADING to +0 kite shield.
  3565 | D:3      | 3565 ||| UPGRADING to +6 ring of strength.
  3566 | D:3      | 3566 ||| READING scroll labelled MUWOERRELUM.
  3581 | D:4      | 3581 ||| Stepping ~*~*~tactically~*~*~ (hiding).
  3582 | D:4      | 3582 ||| Stepping ~*~*~tactically~*~*~ (hiding).
  3591 | D:4      | Reached skill level 1 in Shields
  3594 | D:4      | Reached XP level 7. HP: 31/40 MP: 11/11
  3614 | D:4      | 3614 ||| Stepping ~*~*~tactically~*~*~ (stealth).
  3735 | D:4      | Reached skill level 3 in Shields
  3912 | D:4      | 3912 ||| Stepping ~*~*~tactically~*~*~ (hiding).
  4255 | D:4      | 4255 ||| READING scroll of teleportation.
  4268 | D:4      | 4268 ||| Stepping ~*~*~tactically~*~*~ (stealth).
  4335 | D:5      | Entered Level 5 of the Dungeon
  4568 | D:5      | 4568 ||| Stepping ~*~*~tactically~*~*~ (stealth).
  4573 | D:5      | Reached skill level 3 in Fighting
  4593 | D:5      | 4593 ||| SWAPPING to +2 vorpal war axe.
  4594 | D:5      | 4594 ||| DROPPING +8 hand axe "Hepny" {venom, rC- rN+
                  | Dex+4}.
  4677 | D:5      | Found a staircase to the Ecumenical Temple.
  4678 | D:5      | 4678 ||| PLANNING TEMPLE
  4678 | D:5      | 4678 ||| DRINKING 2 fuming coppery potions.
  4679 | D:5      | 4679 ||| DROPPING potion of brilliance.
  4688 | D:5      | Reached XP level 8. HP: 37/46 MP: 12/12
  4705 | D:5      | 4705 ||| FLEEEEING.
  4708 | D:5      | 4708 ||| FLEEEEING.
  4709 | D:5      | 4709 ||| FLEEEEING.
  4711 | D:5      | 4711 ||| FLEEEEING.
  4712 | D:5      | 4712 ||| FLEEEEING.
  4716 | D:5      | 4716 ||| FLEEEEING.
  4717 | D:5      | 4717 ||| FLEEEEING.
  4718 | D:5      | 4718 ||| FLEEEEING.
  4719 | D:5      | 4719 ||| FLEEEEING.
  4720 | D:5      | 4720 ||| FLEEEEING.
  4721 | D:5      | 4721 ||| FLEEEEING.
  4722 | D:5      | 4722 ||| FLEEEEING.
  4723 | D:5      | 4723 ||| FLEEEEING.
  4728 | D:5      | 4728 ||| STAIRDANCE
  4844 | D:5      | HP: 5/46 [ogre/+0 giant spiked club (16)]
  4845 | D:5      | 4845 ||| DRINKING 3 potions of heal wounds.
  4848 | D:5      | 4848 ||| STAIRDANCE
  5083 | D:5      | Noticed a yak
  5083 | D:5      | Noticed a yak
  5084 | D:5      | 5084 ||| Stepping ~*~*~tactically~*~*~ (stealth).
  5090 | D:5      | 5090 ||| STAIRDANCE
  5090 | D:5      | Noticed a yak
  5099 | D:4      | Killed a yak
  5100 | D:4      | Reached skill level 8 in Axes
  5333 | D:5      | Killed a yak
  5339 | D:5      | Killed a yak
  5340 | D:5      | Reached skill level 9 in Axes
  5340 | D:5      | 5340 ||| STAIRDANCE
  5601 | Temple   | Entered the Ecumenical Temple
  5606 | Temple   | Became a worshipper of Warmaster Okawaru
  5620 | Temple   | 5620 ||| PLANNING D:1-11
  6238 | D:5      | 6238 ||| DROPPING +6 ring of intelligence.
  6239 | D:5      | 6239 ||| READING scroll labelled VINUMOQ MOUGH.
  6240 | D:5      | 6240 ||| READING scroll labelled PEUPOTWYONK.
  6384 | D:5      | 6384 ||| DRINKING 2 fizzy amethyst potions.
  6385 | D:5      | 6385 ||| DRINKING 2 yellow potions.
  6386 | D:5      | 6386 ||| DROPPING potion of flight.
  6651 | D:6      | Noticed Blork the orc
  6656 | D:6      | Killed Blork the orc
  6671 | D:6      | Noticed Maggie
  6671 | D:6      | Noticed Sigmund
  6685 | D:6      | Killed Maggie
  6685 | D:6      | Reached * piety under Okawaru
  6686 | D:6      | Reached skill level 6 in Shields
  6686 | D:6      | Reached XP level 9. HP: 33/52 MP: 13/13
  6686 | D:6      | 6686 ||| INVOKING Heroism.
  6689 | D:6      | Killed Sigmund
  6690 | D:6      | Reached skill level 1 in Invocations
  6800 | D:6      | 6800 ||| SWAPPING to +2 war axe of draining.
  6801 | D:6      | 6801 ||| DROPPING +2 war axe of chaos.
  6981 | D:6      | Reached skill level 3 in Dodging
  6983 | D:6      | Found a broken altar of Ashenzari.
  7149 | D:6      | 7149 ||| Stepping ~*~*~tactically~*~*~ (stealth).
  7151 | D:6      | 7151 ||| Stepping ~*~*~tactically~*~*~ (stealth).
  7154 | D:6      | 7154 ||| Stepping ~*~*~tactically~*~*~ (stealth).
  7158 | D:6      | 7158 ||| Stepping ~*~*~tactically~*~*~ (stealth).
  7170 | D:6      | Found a bloodstained altar of Trog.
  7187 | D:6      | 7187 ||| Stepping ~*~*~tactically~*~*~ (stealth).
  7189 | D:6      | 7189 ||| INVOKING Heroism.
  7368 | D:6      | Noticed Edmund
  7369 | D:6      | 7369 ||| Stepping ~*~*~tactically~*~*~ (stealth).
  7371 | D:6      | 7371 ||| Stepping ~*~*~tactically~*~*~ (stealth).
  7373 | D:6      | 7373 ||| INVOKING Heroism.
  7378 | D:6      | 7378 ||| Stepping ~*~*~tactically~*~*~ (stealth).
  7383 | D:6      | Killed Edmund
  7388 | D:6      | HP: 7/52 [wight/+4 halberd of freezing (15)]
  7388 | D:6      | Slain by a wight

Levels and vault maps discovered:
D:1:      dpeg_arrival_short_road, layout_basic,
          dreamdust_ecumenical_altar_drowned_temple
D:2:      cheibrodos_pilgrimage, layout_basic, basic_altar, minmay_tripent
D:3:      minmay_chambers_of_twos, layout_basic
D:4:      layout_basic, nzn_wu_jian_contemplation, serial_shops,
          kennysheep_mini_moat, uniq_crazy_yiuf_cottage
D:5:      layout_cave_pods, minmay_temple_entry_ruins, minivault_24
D:6:      nicolae_cairo_tiling_large, layout_basic, old_standard_altar,
          trog_hazing_becter, uniq_maggie, uniq_blork_the_orc, uniq_edmund,
          uniq_sigmund, uniq_grinder
Temple:   minmay_freezing_vapour_temple

Skill      XL: |  1  2  3  4  5  6  7  8  9 |
---------------+----------------------------+-----
Axes           | 3 4 5 6 7 9 |  9.3
Armour         | 2 3 |  3.1
Shields        | 1 4 6 |  6.6
Fighting       | 3 4 |  4.2
Invocations    | 2 |  2.5
Dodging        | 3 |  3.2
Throwing       | |  1.0
Spellcasting   | |  2.0
Translocations | |  2.4

Action                   |  1- 3 |  4- 6 |  7- 9 || total
-------------------------+-------+-------+-------++-------
Melee: Hand axe          |    68 |   156 |    28 ||   252
       Peck              |    13 |    19 |    17 ||    49
       Kick              |    20 |    35 |    29 ||    84
       Punch             |       |     2 |       ||     2
       War axe           |       |       |    87 ||    87
Throw: Boomerang         |     7 |       |       ||     7
Invok: Heroism           |       |       |     3 ||     3
  Use: Scroll            |     1 |     8 |     3 ||    12
       Potion            |       |     1 |     4 ||     5
Armor: Leather armour    |     5 |       |       ||     5
       Plate armour      |    27 |    96 |       ||   123
       Chain mail        |       |     2 |    31 ||    33
Dodge: Dodged            |    20 |    31 |    32 ||    83
Block: Kite shield       |       |     1 |    39 ||    40

Table legend:
 A = Non-vault XP
 B = Vault XP
 C = Vault XP percentage of total XP
 D = Non-vault monster count
 E = Vault monster count
 F = Vault count percentage of total count
                 A         B        C        D         E       F
            +---------+---------+-------+---------+---------+-------
      Total |    2301 |    1035 |  31.0 |     105 |      28 |  21.1
            +---------+---------+-------+---------+---------+-------
        D:1 |      37 |       1 |   2.6 |      22 |       1 |   4.3
        D:2 |      53 |      96 |  64.4 |      15 |       9 |  37.5
        D:3 |      84 |      57 |  40.4 |      15 |       8 |  34.8
        D:4 |     673 |       0 |   0.0 |      25 |       0 |   0.0
        D:5 |    1076 |       0 |   0.0 |      19 |       0 |   0.0
        D:6 |     378 |     881 |  70.0 |       9 |      10 |  52.6
            +---------+---------+-------+---------+---------+-------
